 Dungeon Crawl Stone Soup version 0.26-a0-1222-g14533b3512 (webtiles) character file.

Game seed: 7782830178455937489

149 voltaire321 the Ruffian (level 5, 0/50 HPs)
             Began as a Troll Warper on Dec 31, 2020.
             Succumbed to a worker ant's poison
             ... on level 4 of the Dungeon.
             The game lasted 00:05:27 (1857 turns).

voltaire321 the Ruffian (Troll Warper)              Turns: 1857, Time: 00:05:28

Health: 0/50       AC:  6    Str: 19    XL:     5   Next: 9%
Magic:  6/6        EV: 10    Int:  9    God:
Gold:   158        SH:  0    Dex: 10    Spells: 5/7 levels left

rFire    . . .     SeeInvis .     - Unarmed
rCold    . . .     Faith    .   (no shield)
rNeg     . . .     Spirit   .   a - +0 robe
rPois    .         Reflect  .   (helmet restricted)
rElec    .         Harm     .   (no cloak)
rCorr    .         Rampage  .   (gloves unavailable)
Will     .....                  (boots unavailable)
Stlth    +.........             (no amulet)
HPRegen  0.56/turn              (no ring)
MPRegen  0.10/turn              (no ring)

@: lethally poisoned (0 -> -2)
A: large, unfitting armour, claws 3, regeneration 1, shaggy fur 1, tough skin 3
a: no special abilities


You were on level 4 of the Dungeon.
You visited 1 branch of the dungeon, and saw 4 of its levels.

You collected 158 gold pieces.

Inventory:

Missiles
 d - 5 boomerangs of dispersal (quivered)
Armour
 a - a +0 robe (worn)
Jewellery
 j - an uncursed amulet of the acrobat {unknown}
 k - an uncursed amulet of magic regeneration {unknown}
Scrolls
 b - a scroll of random uselessness {unknown}
 c - a scroll of blinking
 e - a scroll of identify {unknown}
 l - a scroll of remove curse {unknown}
 m - a scroll of fog {unknown}
Potions
 f - 2 potions of degeneration {unknown}
 g - a potion of berserk rage {unknown}
 h - a potion of resistance {unknown}
 i - 2 potions of might {unknown}


   Skills:
 + Level 2.3 Fighting
 - Level 0.8 Throwing
 + Level 2.6 Dodging
 + Level 2.9 Unarmed Combat
 + Level 1.8 Spellcasting
 + Level 2.7 Translocations


You had 5 spell levels left.
You knew the following spells:

 Your Spells              Type           Power        Failure   Level
a - Blink                 Tloc           N/A          17%         2

Your spell library contained the following spells:

 Spells                   Type           Power        Failure   Level
 Gell's Gravitas          Tloc           2%           32%         3
 Lesser Beckoning         Tloc           2%           32%         3
 Teleport Other           Tloc           5%           32%         3
 Passage of Golubria      Tloc           N/A          73%         4


Dungeon Overview and Level Annotations

Branches:
Dungeon (4/15)
 Temple: D:4-7

Altars:
Ru


Innate Abilities, Weirdness & Mutations

You are too large for most types of armour.
You have claws for hands.
Your natural rate of healing is unusually fast.
You are covered in fur. (AC +1)
You have extremely tough skin. (AC +3)


Message History

* * * LOW HITPOINT WARNING * * *
You are more poisoned.
The worker ant poisons you!
* * * LOW HITPOINT WARNING * * *
You feel sick. The worker ant bites you.
* * * LOW HITPOINT WARNING * * *
* * * LOW HITPOINT WARNING * * *
You feel sick. The worker ant barely misses you.
* * * LOW HITPOINT WARNING * * *
You feel sick. The worker ant closely misses you.
* * * LOW HITPOINT WARNING * * *
You feel sick. The worker ant barely misses you.
* * * LOW HITPOINT WARNING * * *
You feel sick. The worker ant closely misses you. The worker ant misses you.
* * * LOW HITPOINT WARNING * * *
You feel sick.
The worker ant bites you but does no damage.
* * * LOW HITPOINT WARNING * * *
You feel sick. The worker ant closely misses you.
You die...

.........#..............#
....
.........#..............#
.........#..............#
##################......#
.>...............########
........................
........................
........................
................@B......
...#########'####.......
...'.....#......#.......
...#.....#......#.......
...#.....#......#.......
...#.....#......#.......
...##...###+#####.......
....##### ....### ....#


You could see a worker ant.

Vanquished Creatures
  A scorpion (D:4)
  3 adders
  A worm (D:3)
  4 dart slugs
  2 leopard geckos
  An orc (D:3)
  2 ball pythons
  7 bats
  4 giant cockroaches
  9 goblins
  8 hobgoblins
  2 jackals (D:3)
  5 frilled lizards
  A kobold (D:2)
  7 rats
57 creatures vanquished.

Notes
Turn   | Place    | Note
-------+----------+-------------------------------------------
     0 | D:1      | voltaire321 the Troll Warper began the quest for the Orb.
     0 | D:1      | Reached XP level 1. HP: 19/19 MP: 1/1
   183 | D:1      | Reached XP level 2. HP: 28/28 MP: 3/3
   613 | D:2      | Reached XP level 3. HP: 35/35 MP: 4/4
   783 | D:2      | Found a sacrificial altar of Ru.
   808 | D:2      | Learned a level 2 spell: Blink
  1123 | D:3      | Reached XP level 4. HP: 13/42 MP: 5/5
  1657 | D:4      | Reached XP level 5. HP: 34/50 MP: 6/6
  1854 | D:4      | HP: 2/50 [poisoned by a worker ant]
  1857 | D:4      | Succumbed to a worker ant's poison

Illustrated notes

Levels and vault maps discovered:
D:1:      dpeg_arrival_connections, layout_rooms, minmay_statues_item
D:2:      layout_loops_ring, lemuel_doored_altar
D:3:      layout_rooms
D:4:      layout_gridville

Skill      XL: |  1  2  3 |
---------------+----------+-----
Dodging        | 2 |  2.6
Fighting       | 2 |  2.3
Throwing       | |  0.8
Unarmed Combat | |  2.9
Spellcasting   | |  1.8
Translocations | |  2.7

Action                   |  1- 3 |  4- 6 || total
-------------------------+-------+-------++-------
Melee: Unarmed           |    90 |    65 ||   155
       Punch             |     1 |       ||     1
 Stab: Sleeping          |       |     1 ||     1
Armor: Robe              |    44 |    22 ||    66
Dodge: Dodged            |    66 |    38 ||   104

Table legend: (Time is in decaauts)
 A = Elapsed time spent in this place.
 B = Non-inter-level travel time spent in this place.
 C = Inter-level travel time spent in this place.
 D = Time resting spent in this place.
 E = Time spent auto-exploring this place.
 F = Levels seen in this place.
 G = Mean time per level.
                   A        B        C        D        E       F      G
               +--------+--------+--------+--------+--------+-----+--------+
         Total |   1848 |   1796 |     52 |    152 |   1152 |   4 |  462.0 |
       Dungeon |   1848 |   1796 |     52 |    152 |   1152 |   4 |  462.0 |
               +--------+--------+--------+--------+--------+-----+--------+

Top non-repeatable levels by time:
     D:2: 637 daAuts
     D:1: 442 daAuts
     D:3: 416 daAuts
     D:4: 352 daAuts
